 Dungeon Crawl Stone Soup version 0.18.1-8-gdd0e5ea (webtiles) character file.

53 mistymad the Ruffian (level 3, -2/31 HPs)
             Began as a Naga Transmuter on May 21, 2016.
             Slain by a goblin
             ... wielding a +0 club
             ... led by Robin
              (6 damage)
             ... on level 3 of the Dungeon.
             The game lasted 00:03:49 (1562 turns).

mistymad the Ruffian (Naga Transmuter)              Turns: 1562, Time: 00:03:49

Health: -2/31      AC:  2    Str: 12    XL:     3   Next: 87%
Magic:  4/6        EV: 10    Int: 14    God:
Gold:   81         SH:  0    Dex: 11    Spells: 2 memorised, 4 levels left

rFire  . . .     SeeInvis +       - Unarmed
rCold  . . .     Gourm    .     b - +0 robe
rNeg   . . .     Faith    .     (no shield)
rPois  +         Spirit   .     (no helmet)
rElec  .         Dismiss  .     (no cloak)
rCorr  .         Reflect  .     (no gloves)
SustAt .         Harm     .     (no barding)
MR     .....                    (no amulet)
Stlth  ++........               (no ring)
                                i - ring of flight

@: appendage, very slow, not resistant to hostile enchantments, unstealthy
A: horns 2, see invisible, deformed body, poison resistance, slowness 2, slow
metabolism 1, spit poison 2, AC +1
a: Spit Poison, End Transformation, Evoke Flight


You were on level 3 of the Dungeon.
You were hungry.
You had grown temporary horns.
You visited 1 branch of the dungeon, and saw 3 of its levels.

You collected 81 gold pieces.

Inventory:

Missiles
 a - 79 arrows
Armour
 b - a +0 robe (worn)
Jewellery
 i - a ring of flight (left hand)
Scrolls
 e - a scroll of identify {unknown}
 j - 2 scrolls of teleportation {unknown}
 l - a scroll of immolation {unknown}
 m - 3 scrolls of enchant weapon {unknown}
 n - a scroll of remove curse {unknown}
 o - a scroll of noise {unknown}
 p - a scroll of recharging {unknown}
 q - a scroll of magic mapping {unknown}
 r - a scroll of fog {unknown}
 s - a scroll of enchant armour {unknown}
Potions
 h - a potion of curing
 k - a potion of might {unknown}
 t - a potion of flight {unknown}
Books
 c - a book of Changes

   Spells                             Type                      Level
   a - Beastly Appendage              Transmutation                1
   b - Sticks to Snakes               Transmutation                2
   c - Spider Form                    Transmutation/Poison         3
   d - Ice Form                       Ice/Transmutation            4
   e - Blade Hands                    Transmutation                5
Comestibles
 d - 2 bread rations
 f - 4 fruits
 g - 4 chunks of flesh


   Skills:
 + Level 1.3 Fighting
 - Level 0.8 Armour
 + Level 1.5 Dodging
 + Level 0.9 Stealth
 + Level 3.3 Unarmed Combat
 + Level 2.6 Spellcasting
 + Level 2.5 Transmutations


You had 4 spell levels left.
You knew the following spells:

 Your Spells              Type           Power        Failure   Level  Hunger
a - Beastly Appendage     Trmt           #.....       10%         1    #......
b - Sticks to Snakes      Trmt           #.......     14%         2    ###....


Dungeon Overview and Level Annotations

Branches:
Dungeon (3/15)

Altars:
Gozag

Annotations:
D:3 Robin


Innate Abilities, Weirdness & Mutations

You cannot wear boots.
Your serpentine skin is tough (AC +1).
You have supernaturally acute eyesight.
Armour fits poorly on your strangely shaped body.
Your system is resistant to poisons.
You cover ground very slowly.
You have a slow metabolism.
You can spit poison.
You have a pair of horns on your head.


Message History

You miss the goblin. The goblin hits you with a club.
* * * LOW HITPOINT WARNING * * *
Robin throws the goblin at you!
You closely miss the goblin.
The goblin no longer looks unusually strong.
The goblin hits you but does no damage. x2
Casting: Beastly Appendage
Confirm with . or Enter, or press ? or * to list all spells.
You grow a pair of large bovine horns.
The goblin closely misses you. The goblin hits you with a club.
* * * LOW HITPOINT WARNING * * *
Robin roars a battlecry!
The goblin goes into a battle-frenzy!
You barely miss the goblin. You headbutt the goblin.
The goblin is heavily wounded.
The goblin hits you but does no damage.
You closely miss the goblin.
The goblin is heavily wounded.
The goblin hits you but does no damage. The goblin hits you with a club.
You die... g..g. #.# .gg

#.# #†#
######.##
##.####...##..#
#.......#.###.#
#..####...# #.#
##g..####.##
#.#
.########gg...#
#÷# #.#
......g@ggg..##
#.####.#
###########.##
#......# ###
########


You could see Robin, 2 hobgoblins and 4 goblins.

Vanquished Creatures
  An adder (D:2)
  2 oozes (D:1)
  2 dart slugs (D:1)
  4 bats (D:1)
  A giant cockroach (D:3)
  7 goblins (D:3)
  2 hobgoblins (D:2)
  A kobold (D:1)
  A quokka (D:2)
  A ball python (D:1)
  3 giant newts
  6 rats
31 creatures vanquished.

Notes
Turn   | Place    | Note
--------------------------------------------------------------
     0 | D:1      | mistymad the Naga Transmuter began the quest for the Orb.
     0 | D:1      | Reached XP level 1. HP: 18/18 MP: 3/3
    87 | D:1      | Reached XP level 2. HP: 25/25 MP: 1/5
   707 | D:1      | Reached XP level 3. HP: 27/31 MP: 3/6
   875 | D:2      | Found an opulent altar of Gozag.
  1425 | D:2      | Learned a level 2 spell: Sticks to Snakes
  1530 | D:3      | Noticed Robin
  1562 | D:3      | Slain by a goblin

Action                   || total
-------------------------++-------
Melee: Unarmed           ||   108
       Headbutt          ||    12
 Cast: Beastly Appendage ||    24
       Sticks to Snakes  ||     1
  Use: Potion            ||     1
 Stab: Sleeping          ||     1
  Eat: Chunk             ||     1
Armor: Robe              ||    28
Dodge: Dodged            ||    61
